 Dungeon Sprint DCSS version 0.30-a0-1103-g25895a7845 (webtiles) character file.

Game seed: 2435089630788019689

60 sircluck the Skirmisher (level 3, -1/33 HPs)
             Began as a Minotaur Hunter on Apr 18, 2023.
             Slain by a scorpion (3 damage)
             ... in the Dungeon (Sprint V: "Ziggurat Sprint").
             The game lasted 00:01:09 (40 turns).

sircluck the Skirmisher (Minotaur Hunter)             Turns: 40, Time: 00:01:10

Health: -1/33      AC:  3    Str: 15    XL:     3   Next: 82%
Magic:  2/2        EV: 12    Int:  6    God:
Gold:   0          SH:  0    Dex: 15    Spells: 2/2 levels left

rFire   . . .      SeeInvis .    a - +0 shortbow
rCold   . . .      Faith    .    (shield currently unavailable)
rNeg    . . .      Spirit   .    c - +0 leather armour
rPois   .          Reflect  .    (helmet restricted)
rElec   .          Rampage  .    (no cloak)
rCorr   .          NoTele   +    (no gloves)
Will    .....                    (no boots)
Stlth   +                        (no amulet)
HPRegen 0.25/turn                (no ring)
MPRegen 0.08/turn                (no ring)

@: lethally poisoned (-1 -> -4)
A: horns 2, retaliatory headbutt
a: no special abilities


You were in the Dungeon.
You visited 1 branch

Inventory:

Hand Weapons
 a - a +0 shortbow (weapon)
 J - the +27 heavy crossbow "Sniper" {heavy, Acc+∞ SInv}
   (You found it in the Dungeon)

   Acc+∞: It never misses its target.
   SInv:      It lets you see invisible.
Armour
 c - a +0 leather armour (worn)
 j - +5 fire dragon scales
 k - +5 ice dragon scales
 l - +5 shadow dragon scales
 m - +5 storm dragon scales
 n - a +3 buckler
 o - a +3 kite shield
 p - a +3 tower shield
Jewellery
 B - a ring of flight
 C - a +6 ring of dexterity
 D - a +6 ring of dexterity
 E - a +6 ring of intelligence
 F - a +6 ring of intelligence
 G - a +6 ring of strength
 H - a +6 ring of strength
Wands
 z - a wand of mindburst (7)
 A - a wand of quicksilver (7)
 I - a wand of charming (8)
Scrolls
 b - a scroll of immolation
 i - 4 scrolls of blinking
 v - 4 scrolls of amnesia
 w - 7 scrolls of fog
 x - 5 scrolls of identify
 y - 2 scrolls of fear
Potions
 d - 10 potions of curing
 e - 10 potions of heal wounds
 f - 6 potions of haste
 g - 7 potions of magic
 h - 3 potions of berserk rage
 q - 2 potions of brilliance
 r - 2 potions of invisibility
 s - 4 potions of resistance
 t - a potion of experience
 u - 5 potions of might


   Skills:
 + Level 3.9 Fighting
 + Level 8.5 Ranged Weapons
 + Level 1.1 Armour
 + Level 3.0 Dodging
 + Level 1.0 Stealth


You had 2 spell levels left.
You didn't know any spells.
Your spell library was empty.

Dungeon Overview and Level Annotations

Branches:
Dungeon (1/1)

Altars:
Ashenzari
Cheibriados
Dithmenos
Elyvilon
Fedhas
Gozag
Hepliaklqana
Kikubaaqudgha
Makhleb
Nemelex Xobeh
Okawaru
Qazlal
Ru
Sif Muna
Trog
Uskayaw
Vehumet
Wu Jian
Xom
Yredelemnul
Zin
The Shining One
Jiyva
Lugonu

Annotations:
D 1 transporter


Innate Abilities, Weirdness & Mutations

You have a pair of horns on your head.
You reflexively headbutt those who attack you in melee.


Message History

The scorpion closely misses you. You furiously retaliate!
You headbutt the scorpion. The scorpion stings you.
You shoot an arrow. The arrow closely misses the scorpion.
The scorpion stings you but does no damage.
The scorpion stings you. The scorpion closely misses you.
The scorpion barely misses you. The scorpion closely misses you.
You shoot an arrow. The arrow barely misses the scorpion.
The scorpion closely misses you. You furiously retaliate!
You headbutt the scorpion. The scorpion stings you.
You are poisoned.
The scorpion poisons you!
You shoot an arrow. The arrow hits the scorpion.
The scorpion is severely wounded.
You feel very sick. The scorpion barely misses you. You furiously retaliate!
You headbutt the scorpion!
You kill the scorpion!
The scorpion barely misses you. You furiously retaliate!
You headbutt the scorpion! The scorpion stings you.
* * * LOW HITPOINT WARNING * * *
Your Fighting skill increases to level 3!
Your Ranged Weapons skill gained 4 levels and is now at level 8!
Your Armour skill increases to level 1!
Your Dodging skill increases to level 3!
Your Stealth skill increases to level 1!
You have reached level 2!
You have reached level 3!
Your experience leads to an increase in your attributes!
Increase (S)trength, (I)ntelligence, or (D)exterity?
You feel agile. x2
You shoot an arrow. The arrow barely misses the scorpion.
* * * LOW HITPOINT WARNING * * *
You feel sick. The scorpion misses you.
You shoot an arrow.
The arrow hits the scorpion but does no damage.
The scorpion is heavily wounded.
* * * LOW HITPOINT WARNING * * *
You feel sick. The scorpion stings you.
You die...

▓▓▓▓▓▓▓
▓.8©8.▓
▓.....▓
▓.).|.▓
▓.....▓
▓...s.▓
▓..©.@▓
▓▓▓▓▓▓▓


You could see a scorpion.

Vanquished Creatures
  A scorpion (D)
1 creature vanquished.

Notes
Turn   | Place    | Note
-------+----------+-------------------------------------------
     0 | D        | sircluck the Minotaur Hunter began the quest for the Orb.
     0 | D        | Reached XP level 1. HP: 18/18 MP: 0/0
     4 | D        | Found a blossoming altar of Fedhas.
     4 | D        | Found the +6 Majin-Bo {spellvamp, MP+6 Int+6}
     4 | D        | Found the +27 heavy crossbow "Sniper" {heavy, Acc+∞ SInv}
     4 | D        | Found the +10 dark maul {heavy}
     4 | D        | Found the +15 Maxwell's patent armour {-Cast -Tele rElec
                  | Will+ rCorr}
     4 | D        | Found the +18 shield of the Gong {Loud rN+ Will+ rCorr
                  | EV-5}
     4 | D        | Found the +16 obsidian axe {drain, demonic, Mesm Drain Fly
                  | SInv}
     4 | D        | Found the +7 great mace "Firestarter" {flame, immolate,
                  | rFlCloud rF++}
     4 | D        | Found the +6 shillelagh "Devastator" {shatter}
     4 | D        | Found the +11 plutonium sword {Contam Stlth-}
     4 | D        | Found the +8 lance "Wyrmbane" {slay drac, rPois rF+ rC+
                  | AC+3}
     4 | D        | Found the +9 sword of Zonguldrok {reap}
     4 | D        | Found the +13 scythe of Curses {drain, curses, Drain}
     4 | D        | Found the +9 sword of Power {lifebolt}
     4 | D        | Found the +7 mace of Variability {chaos, chaos arc}
     4 | D        | Found the +11 Singing Sword {sonic wave}
     4 | D        | Found the +8 storm bow {elec, penet}
     9 | D        | Found a shimmering blue altar of Sif Muna.
     9 | D        | Found a sacrificial altar of Ru.
     9 | D        | Found a bloodstained altar of Trog.
     9 | D        | Found a stormy altar of Qazlal.
     9 | D        | Found an iron altar of Okawaru.
     9 | D        | Found a sparkling altar of Nemelex Xobeh.
    11 | D        | Found a transporter.
    11 | D        | Found an ancient bone altar of Kikubaaqudgha.
    11 | D        | Found a viscous altar of Jiyva.
    11 | D        | Found a corrupted altar of Lugonu.
    11 | D        | Found a hazy altar of Hepliaklqana.
    11 | D        | Found a burning altar of Makhleb.
    11 | D        | Found an opulent altar of Gozag.
    32 | D        | Entered arena 2.
    32 | D        | Noticed a scorpion
    32 | D        | Noticed a scorpion
    32 | D        | Found a transporter.
    38 | D        | Killed a scorpion
    39 | D        | Reached skill level 8 in Ranged Weapons
    39 | D        | Reached skill level 1 in Armour
    39 | D        | Reached skill level 1 in Stealth
    39 | D        | Reached XP level 2. HP: 4/27 MP: 1/1
    39 | D        | Reached XP level 3. HP: 5/33 MP: 2/2
    40 | D        | Slain by a scorpion

Illustrated notes

Levels and vault maps discovered:
D:        sprint_v [room_start, room_1, room_2, room_3, room_4, room_5, room_6,
          room_7, room_8, room_9, room_10, room_11, room_12, room_13, room_14,
          room_15, room_16, room_17, room_18, room_19, room_20, room_21,
          room_22, room_23, room_24, room_25, room_26, room_27]

Skill      XL: |  1 |
---------------+----+-----
Fighting       | 3 |  3.9
Ranged Weapons | 8 |  8.5
Armour         | 1 |  1.1
Dodging        | 3 |  3.0
Stealth        | 1 |  1.0

Action                     || total
---------------------------++-------
   Fire: Shortbow          ||     6
 Armour: Leather armour    ||     1
  Dodge: Dodged            ||     8

Table legend: (Time is in decaauts)
 A = Elapsed time spent in this place.
 B = Non-inter-level travel time spent in this place.
 C = Inter-level travel time spent in this place.
 D = Time resting spent in this place.
 E = Time spent auto-exploring this place.
 F = Levels seen in this place.
 G = Mean time per level.
                   A        B        C        D        E       F      G
               +--------+--------+--------+--------+--------+-----+--------+
         Total |     41 |     41 |      0 |      0 |      0 |   1 |   41.0 |
       Dungeon |     41 |     41 |      0 |      0 |      0 |   1 |   41.0 |
               +--------+--------+--------+--------+--------+-----+--------+

Top non-repeatable levels by time:
       D: 41 daAuts
